 Dungeon Crawl Stone Soup version 0.31-a0-234-gad7ace16ef (webtiles) character file.

Game seed: 2224467202500221663

7748 Nattfarinn the Grappler (level 11, -6/119 HPs)
             Began as a Troll Berserker on July 9, 2023.
             Was a Priest of Trog.
             Mangled by a skeletal warrior
             ... wielding a +0 trident
              (20 damage)
             ... on level 9 of the Dungeon on July 10, 2023.
             The game lasted 00:15:23 (6379 turns).

Nattfarinn the Grappler (Troll Berserker)           Turns: 6379, Time: 00:15:25

Health: -6/119     AC:  4    Str: 31    XL:     11   Next: 0%
Magic:  10/10      EV: 10    Int:  3    God:    Trog [***...]
Gold:   556        SH:  0    Dex:  9    Spells: 10/10 levels left

rFire   . .          .
                       - Unarmed
rCold   . . .        r - orb {light}
rNeg    . . .        a - +0 animal skin
rPois   .            (helmet restricted)
rElec   .            (no cloak)
rCorr   .            (gloves unavailable)
SInv    .            (boots unavailable)
Will    ++...        (no amulet)
Stlth   +            (no ring)
HPRegen 2.19/turn    (no ring)
MPRegen 0.12/turn

%: no passive effects
@: strong-willed, on berserk cooldown, regenerating, slowed, glowing, very slow
A: large, unfitting armour, claws 3, regeneration 1, shaggy fur 1, tough skin 1
a: Renounce Religion, Berserk, Trog's Hand


You were on level 9 of the Dungeon.
You worshipped Trog.
Trog was most pleased with you.
You visited 1 branch of the dungeon, and saw 9 of its levels.

You collected 556 gold pieces.

Inventory:

Hand Weapons
 v - a +3 orcbow
 B - the +6 hand axe "Xampir Luqegh" {heavy, rC+ rN+ Int+2 SInv}
   (You found it on level 8 of the Dungeon)

   Int:       It affects your intelligence (+2).
   rC:        It protects you from cold.
   rN:        It protects you from negative energy.
   SInv:      It lets you see invisible.
Missiles
 o - 2 throwing nets
Armour
 a - a +0 animal skin (worn)
 r - an orb of light (worn)
 x - a +0 cloak
Jewellery
 k - an amulet of magic regeneration
Wands
 p - a wand of flame (19)
 q - a wand of iceblast (14)
 z - a wand of digging (4)
Scrolls
 e - 8 scrolls of identify {unknown}
 g - a scroll of vulnerability {unknown}
 i - a scroll of amnesia {unknown}
 j - 4 scrolls of fog {unknown}
 l - a scroll of torment {unknown}
 m - a scroll of teleportation {unknown}
 s - a scroll of fear {unknown}
 u - 5 scrolls of blinking {unknown}
 w - a scroll of poison {unknown}
 y - a scroll of revelation {unknown}
 A - a scroll of brand weapon {unknown}
Potions
 b - 3 potions of heal wounds {unknown}
 c - 6 potions of curing {unknown}
 d - 2 potions of attraction {unknown}
 f - a potion of magic {unknown}
 h - 2 potions of berserk rage {unknown}
 n - a potion of might {unknown}
 t - a potion of resistance {unknown}


   Skills:
 + Level 10.5 Fighting
 - Level 2.4 Dodging
 + Level 12.4 Unarmed Combat


You had 10 spell levels left.
You didn't know any spells.
Your spell library was empty.

Dungeon Overview and Level Annotations

Branches:
Dungeon (9/15)             Temple (0/1) D:4
   Lair: D:8-11         Orc: D:9-12

Altars:
Ashenzari
Cheibriados
Dithmenos
Elyvilon
Hepliaklqana
Kikubaaqudgha
Makhleb
Nemelex Xobeh
Qazlal
Uskayaw
Xom
Yredelemnul
Zin

Annotations:
D:9 1 transporter


Innate Abilities, Weirdness & Mutations

You are too large for most types of armour.
You have claws for hands.
Your natural rate of healing is unusually fast.
You are covered in fur. (AC +1)
You have tough skin. (AC +1)


Message History

The tengu warrior hits you with a +2 battleaxe!
* * * LOW HITPOINT WARNING * * *
The tengu warrior pecks you.
* * * LOW HITPOINT WARNING * * *
The tengu warrior claws you but does no damage.
Unknown command.
You barely miss the tengu warrior.
The tengu warrior is almost dead.
Your ogre hits the skeletal warrior with a +0 giant spiked club!!
The skeletal warrior hits your ogre with a +0 trident!!
You claw the tengu warrior!
You kill the tengu warrior!
Trog accepts your kill. The tengu conjurer hits you.
* * * LOW HITPOINT WARNING * * *
The tengu conjurer pecks you.
* * * LOW HITPOINT WARNING * * *
The tengu conjurer closely misses you.
The skeletal warrior hits you from afar with a +0 trident!!
* * * LOW HITPOINT WARNING * * *
You have reached level 11!
Your ogre hits the skeletal warrior with a +0 giant spiked club!
You feel a strong urge to attack something.
Your ogre closely misses the skeletal warrior.
The skeletal warrior hits you from afar with a +0 trident.
* * * LOW HITPOINT WARNING * * *
You are no longer berserk.
You are exhausted.
You feel yourself slow down.
The skeletal warrior hits your ogre with a +0 trident!
Your ogre dies!
Your ogre's corpse disappears in a puff of smoke!
You fail to use your ability.
Your polar bear goes berserk!
You can no longer call in reinforcements.
The tengu conjurer hits you but does no damage.
The tengu conjurer pecks you but does no damage.
The tengu conjurer misses you.
The skeletal warrior hits you from afar with a +0 trident!!
You die...

.###)#)#.....©..............##...
.###.#...#########..........#....
.#...#..##8!|©)$8##..#...........
.#.#....#...$=$$..#....#.........
...#.##.#.........#..#..........)
.....##.#.........#.........#...)
.#.####.#.........#...####.####))
...# #.#...).z.h.#...#≈≈~.~≈≈#).
.### #.#...)©.Q@.#...#≈~....≈#.)
.# #.#......*..#..[#~.§.§.~#..
.######.##8.....8##......§§§.....
.........#########....#~.§§§.~##.
######.......©........#≈~....~#..
#######..........#≈≈~.~≈~###
##...####..####.###### #####
#............. ##.......#####


You could see a skeletal warrior, a tengu conjurer (ally target), a battlesphere
(distracted) and a friendly polar bear (summoned, berserk).

Vanquished Creatures
  A two-headed ogre (D:8)
  A tengu warrior (D:9)
  A wizard (D:9)
  Pikel (D:7)
  A polar bear (D:9)
  5 yaks (D:7)
  A wraith (D:9)
  2 wyverns
  Menkaure (D:5)
  Edmund (D:6)
  Duvessa (D:5)
  An acid dragon (D:8)
  A sky beast (D:8)
  3 black bears
  3 orc warriors
  An ice beast (D:6)
  3 ogres
  A wolf (D:9)
  2 centaurs
  2 lemures (D:7)
  4 kobold brigands
  5 bullfrogs
  A scorpion (D:6)
  4 wights (D:6)
  Dowan (D:5)
  6 killer bees
  3 howler monkeys (D:7)
  4 orc priests
  3 jellies
  Crazy Yiuf (D:7)
  5 hounds
  A sleepcap (D:7)
  2 gnoll boudas
  3 iguanas
  Natasha (thrice) (D:4)
  5 orc wizards
  13 gnolls
  4 adders
  5 white imps
  4 ufetubi
  4 worms
  2 dart slugs
  48 orcs
  4 endoplasms
  2 giant cockroaches (D:1)
  9 goblins
  7 hobgoblins
  3 jackals (D:1)
  20 kobolds
  5 quokkas
  9 ball pythons
  3 bats
  6 frilled lizards
  2 rats
234 creatures vanquished.

Vanquished Creatures (collateral kills)
  A slime creature (D:9)
  An unseen horror simulacrum (D:9)
  A kobold (D:9)
3 creatures vanquished.

Vanquished Creatures (others)
  An adder (D:6)
1 creature vanquished.

Grand Total: 238 creatures vanquished

Notes
Turn   | Place    | Note
-------+----------+-------------------------------------------
     0 | D:1      | Nattfarinn the Troll Berserker began the quest for the Orb.
     0 | D:1      | Reached XP level 1. HP: 22/22 MP: 0/0
    84 | D:1      | Found a faded altar of an unknown god.
   117 | D:1      | Reached XP level 2. HP: 29/29 MP: 1/1
   298 | D:1      | Found Xuwn's Jewellery Shop.
   410 | D:1      | Reached ** piety under Trog
   479 | D:1      | You fall into a shaft and drop 1 floor!
   510 | D:2      | Reached XP level 3. HP: 15/37 MP: 2/2
   518 | D:2      | Reached skill level 4 in Unarmed Combat
   557 | D:2      | Reached XP level 4. HP: 45/45 MP: 3/3
  1090 | D:2      | Upgraded the game from 0.31-a0-233-g139696dc86 to
                  | 0.31-a0-234-gad7ace16ef
  1459 | D:3      | Found a shadowy altar of Dithmenos.
  1522 | D:3      | Found a sparkling altar of Nemelex Xobeh.
  1523 | D:3      | Found a white marble altar of Elyvilon.
  1557 | D:3      | Found a basalt altar of Yredelemnul.
  1912 | D:4      | Noticed Natasha
  1915 | D:4      | Killed Natasha
  1915 | D:4      | Reached *** piety under Trog
  1916 | D:4      | Reached XP level 5. HP: 52/54 MP: 4/4
  2019 | D:4      | Noticed Natasha
  2024 | D:4      | Killed Natasha
  2097 | D:4      | Reached skill level 5 in Unarmed Combat
  2102 | D:4      | Noticed Natasha
  2115 | D:4      | Reached XP level 6. HP: 17/63 MP: 5/5
  2186 | D:4      | Found a staircase to the Ecumenical Temple.
  2193 | D:4      | Killed Natasha
  2462 | D:5      | Entered Level 5 of the Dungeon
  2559 | D:5      | Reached skill level 5 in Fighting
  2559 | D:5      | Reached skill level 6 in Unarmed Combat
  2559 | D:5      | Reached XP level 7. HP: 61/72 MP: 6/6
  2632 | D:5      | Noticed Dowan
  2643 | D:5      | Noticed Duvessa
  2653 | D:5      | Killed Duvessa
  2671 | D:5      | Killed Dowan
  2691 | D:5      | Noticed Menkaure
  2698 | D:5      | Killed Menkaure
  2699 | D:5      | Reached skill level 7 in Unarmed Combat
  2732 | D:5      | Reached XP level 8. HP: 83/83 MP: 7/7
  2978 | D:5      | Found a burning altar of Makhleb.
  3009 | D:5      | Found an ancient bone altar of Kikubaaqudgha.
  3009 | D:5      | Found a glowing silver altar of Zin.
  3046 | D:6      | Reached **** piety under Trog
  3126 | D:6      | Noticed Edmund
  3133 | D:6      | Killed Edmund
  3134 | D:6      | Reached skill level 8 in Unarmed Combat
  3472 | D:6      | Found a shimmering altar of Xom.
  3569 | D:6      | Reached XP level 9. HP: 65/91 MP: 8/8
  3573 | D:6      | Reached skill level 9 in Unarmed Combat
  3775 | D:7      | Noticed Pikel
  3790 | D:7      | Killed Pikel
  3812 | D:7      | Found a stormy altar of Qazlal.
  4031 | D:7      | Reached skill level 10 in Unarmed Combat
  4136 | D:7      | Found a hazy altar of Hepliaklqana.
  4488 | D:7      | Reached XP level 10. HP: 71/107 MP: 9/9
  4727 | D:7      | Found a runed translucent door.
  4728 | D:7      | Noticed Crazy Yiuf
  4733 | D:7      | Killed Crazy Yiuf
  4942 | D:8      | Reached skill level 11 in Unarmed Combat
  5111 | D:8      | Noticed a two-headed ogre
  5117 | D:8      | Killed a two-headed ogre
  5201 | D:8      | Found a hide-covered altar of Uskayaw.
  5210 | D:8      | Reached ***** piety under Trog
  5283 | D:8      | Identified the +6 hand axe "Xampir Luqegh" {heavy, rC+ rN+
                  | Int+2 SInv}
  5559 | D:9      | Found a snail-covered altar of Cheibriados.
  5643 | D:9      | Noticed a wizard
  5643 | D:9      | Noticed a tengu warrior
  5659 | D:9      | Found a transporter.
  5659 | D:9      | Noticed a skeletal warrior
  5691 | D:9      | Found a transporter.
  5723 | D:9      | Reached skill level 10 in Fighting
  6034 | D:9      | Found a broken altar of Ashenzari.
  6130 | D:9      | Reached skill level 12 in Unarmed Combat
  6368 | D:9      | Killed a wizard
  6374 | D:9      | Killed a tengu warrior
  6374 | D:9      | HP: 8/166 [skeletal warrior/+0 trident (18)]
  6375 | D:9      | Reached XP level 11. HP: 8/119 MP: 10/10
  6379 | D:9      | Mangled by a skeletal warrior

Illustrated notes

Levels and vault maps discovered:
D:1:      nicolae_arrival_washed_ashore, layout_basic, basic_ecumenical_altar,
          serial_shops, shop, amcnicky_mini_corridor_feature, st_stairs_6,
          interstate_on_off
D:2:      layout_loops_ring, minmay_misc_feat_diagonals, hex_large,
          minmay_shallow_snake_nest
D:3:      cheibrodos_helix_gallery, layout_basic, overflow_temple_1_default,
          yredelemnul_altar_generic, nicolae_overflow_squiral
D:4:      layout_basic, minmay_temple_entry_gardened_gates, uniq_natasha
D:5:      layout_rooms, makhleb_blood_cavern_becter,
          mainiacjoe_overflow_divided_tiny, uniq_duvessa, uniq_menkaure
D:6:      layout_rooms, tgw_xom, lemuel_flamethrower_2, uniq_edmund
D:7:      layout_loops_ring, mainiacjoe_overflow_tiny_flanked,
          mainiacjoe_overflow_paths, uniq_crazy_yiuf_cottage, uniq_pikel
D:8:      layout_loops_cross, nicolae_uskayaw_dance_studio
D:9:      gammafunk_sealed_arena, layout_rooms, cheibriados_altar_1,
          mainiacjoe_overflow_alcove_2, hiddenorc1_lemuel, serial_ice,
          serial_ice_i, serial_ice_m, serial_ice_d, serial_ice_c, serial_ice_f,
          serial_ice_h, serial_ice_g

Skill      XL: |  1  2  3  4  5  6  7  8  9 10 |
---------------+-------------------------------+-----
Fighting       | 3 4 5 6 7 9 10 | 10.5
Unarmed Combat | 4 5 6 7 8 10 12 | 12.4
Dodging        | |  2.4

Action                     |  1- 3 |  4- 6 |  7- 9 | 10-12 || total
---------------------------+-------+-------+-------+-------++-------
  Melee: Unarmed           |    81 |   129 |   206 |   138 ||   554
         Punch             |     1 |     4 |     4 |       ||     9
 Invoke: Berserk           |     1 |     1 |     6 |     6 ||    14
         Trog's Hand       |       |       |     3 |     3 ||     6
         Brothers in Arms  |       |       |       |     4 ||     4
   Stab: Sleeping          |       |     1 |       |       ||     1
 Armour: Animal skin       |    19 |    55 |    38 |    40 ||   152
  Dodge: Dodged            |    33 |    75 |    84 |    76 ||   268

Table legend: (Time is in decaauts)
 A = Elapsed time spent in this place.
 B = Non-inter-level travel time spent in this place.
 C = Inter-level travel time spent in this place.
 D = Time resting spent in this place.
 E = Time spent auto-exploring this place.
 F = Levels seen in this place.
 G = Mean time per level.
                   A        B        C        D        E       F      G
               +--------+--------+--------+--------+--------+-----+--------+
         Total |   6413 |   6075 |    338 |    609 |   4337 |   9 |  712.6 |
       Dungeon |   6413 |   6075 |    338 |    609 |   4337 |   9 |  712.6 |
               +--------+--------+--------+--------+--------+-----+--------+

Top non-repeatable levels by time:
     D:7: 1063 daAuts
     D:9: 811 daAuts
     D:3: 768 daAuts
     D:6: 749 daAuts
     D:8: 744 daAuts
     D:2: 667 daAuts
     D:5: 583 daAuts
     D:4: 549 daAuts
     D:1: 475 daAuts
